Map: Prion Terraces

Players

ILLBdA

  • Race: Protoss Protoss
  • League: Diamond

Silves - Winner!

  • Race: Zerg Zerg
  • League: Diamond

VOD

Have the link to the VOD?

Description

Time

  • Played on: Jan. 11, 2016, 5:50 a.m.
  • Length: 8:49
Show
View Real Time Build Order
Export as new Build Order

ILLBdA Protoss 

Build Orders: 1 Gate Expand, Zealot Archon, Dark Templar Rush 

Get SALT Encoding   

  12  0:01  Probe (Chrono Boost)  
  13  0:11  Probe (Chrono Boost)  
  14  0:20  Pylon  
  14  0:22  Probe (Chrono Boost)  
  15  0:38  Probe (Chrono Boost)  
  15  0:41  Gateway  
  16  0:49  Probe (Chrono Boost)  
  17  1:00  Probe (Chrono Boost)  
  18  1:10  Probe (Chrono Boost)  
  19  1:17  Nexus  
  19  1:22  Probe (Chrono Boost)  
  20  1:28  Assimilator  
  20  1:33  Cybernetics Core  
  20  1:37  Probe (Chrono Boost)  
  21  1:48  Probe (Chrono Boost)  
  21  1:49  Assimilator  
  22  1:56  Pylon  
  22  1:58  Probe (Chrono Boost)  
  23  2:14  Probe (Chrono Boost), Adept (Chrono Boost)  
  26  2:19  Warp Gate  
  26  2:26  Probe  
  27  2:31  Probe (Chrono Boost)  
  28  2:38  Probe (Chrono Boost), Pylon  
  28  2:43  Probe (Chrono Boost)  
  30  2:49  Probe (Chrono Boost)  
  31  2:54  Probe (Chrono Boost)  
  31  2:56  Twilight Council  
  32  3:00  Mothership Core (Chrono Boost)  
  34  3:07  Gateway  
  34  3:09  Pylon  
  34  3:15  Stalker  
  34  3:16  Probe (Chrono Boost)  
  34  3:18  Probe (Chrono Boost)  
  38  3:22  Pylon  
  38  3:26  Probe (Chrono Boost)  
  39  3:35  Dark Shrine  
  39  3:36  Probe (Chrono Boost)  
  39  3:37  Assimilator  
  40  3:41  Assimilator  
  40  3:43  Probe (Chrono Boost)  
  41  3:53  Probe (Chrono Boost)  
  42  3:56  Probe (Chrono Boost)  
  43  4:03  Gateway  
  43  4:04  Probe (Chrono Boost)  
  43  4:05  Gateway  
  44  4:13  Probe (Chrono Boost)  
  44  4:15  Probe (Chrono Boost)  
  46  4:22  Gateway  
  46  4:24  Gateway  
  46  4:27  Sentry x2  
  46  4:30  Probe (Chrono Boost)  
  51  4:34  Probe (Chrono Boost)  
  52  4:40  Probe (Chrono Boost)  
  53  4:46  Probe (Chrono Boost)  
  54  4:58  Dark Templar x3  
  60  5:06  Charge (Chrono Boost)  
  60  5:07  Probe  
  60  5:09  Pylon  
  61  5:16  Dark Templar  
  63  5:23  Zealot x2  
  63  5:25  Probe  
  64  5:35  Zealot x3  
  70  5:54  Pylon  
  70  5:55  Pylon  
  70  5:57  Pylon  
  70  5:58  Nexus  
  70  6:00  Archon  
  70  6:04  Dark Templar x2  
  70  6:08  Archon  
  70  6:10  Probe  
  75  6:16  Zealot x4  
  75  6:18  Probe  
  83  6:22  Probe  
  85  6:30  Robotics Facility  
  85  6:37  Dark Templar x2  
  89  6:42  Archon  
  89  6:44  Probe  
  90  6:49  Zealot x4  
  98  6:54  Pylon  
  98  6:59  Probe  
  98  7:00  Probe  
  100  7:05  Sentry  
  102  7:11  Probe  
  102  7:14  Pylon  
  102  7:15  Dark Templar x2  
  107  7:19  Warp Prism  
  109  7:23  Archon  
  109  7:24  Sentry x2  
  109  7:25  Sentry  
  109  7:27  Probe x2  
  117  7:39  Gateway  
  117  7:40  Gateway  
  117  7:42  Pylon  
  117  7:45  Dark Templar x2  
  117  7:47  Gateway  
  117  7:49  Archon  
  121  7:51  Zealot x2  
  121  7:55  Observer  
  121  7:56  Zealot  
  121  7:57  Zealot  
  130  8:03  Pylon  
  130  8:04  Pylon  
  130  8:10  Pylon  
  130  8:11  Pylon  
  130  8:17  Observer  
  131  8:26  Zealot  
  131  8:27  Zealot x5  
  105  8:39  Zealot x2  
  97  8:45  Zealot  
  97  8:46  Zealot  
  97  8:47  Zealot x3  
Show
View Real Time Build Order
Export as new Build Order

Silves Zerg - Winner!

Build Orders: 3 Hatch before Pool 

Get SALT Encoding   

  12  0:00  Drone  
  13  0:12  Overlord  
  13  0:17  Drone  
  14  0:30  Drone x2  
  14  0:34  Drone  
  17  0:45  Drone  
  18  0:58  Drone  
  18  1:00  Hatchery  
  18  1:22  Drone  
  20  1:25  Drone  
  20  1:28  Hatchery  
  19  1:39  Spawning Pool  
  18  1:41  Extractor  
  18  1:45  Drone  
  18  1:48  Drone  
  18  1:53  Drone  
  20  1:59  Overlord  
  20  2:10  Drone  
  20  2:14  Drone  
  22  2:21  Drone  
  23  2:24  Drone  
  23  2:28  Queen  
  26  2:33  Drone  
  26  2:35  Drone  
  28  2:43  Drone x2  
  29  2:44  Queen  
  29  2:47  Drone  
  32  2:55  Metabolic Boost  
  32  2:57  Queen  
  34  2:59  Drone  
  34  3:02  Drone x2  
  34  3:04  Zergling x2  
  38  3:07  Zergling x2  
  38  3:08  Zergling x2  
  40  3:14  Roach Warren, Zergling x2  
  40  3:17  Zergling x2  
  40  3:19  Drone  
  42  3:24  Overlord  
  42  3:26  Overlord  
  42  3:33  Extractor  
  41  3:38  Drone  
  41  3:39  Overlord  
  42  3:42  Queen  
  42  3:43  Drone  
  42  3:44  Drone x4  
  49  3:52  Drone x2  
  51  3:56  Overlord x2  
  51  3:59  Overlord  
  51  4:05  Overlord  
  50  4:13  Roach  
  50  4:14  Roach x4  
  50  4:17  Pneumatized Carapace  
  60  4:20  Drone  
  60  4:23  Spore Crawler  
  60  4:28  Drone  
  60  4:29  Spore Crawler  
  60  4:31  Extractor  
  60  4:32  Drone x2  
  60  4:34  Spore Crawler, Extractor  
  60  4:36  Roach  
  60  4:37  Roach x2  
  60  4:38  Roach  
  67  4:45  Drone x2  
  69  4:49  Drone  
  70  4:54  Drone x3  
  73  5:03  Roach  
  73  5:04  Roach x5  
  85  5:13  Lair  
  84  5:23  Hatchery  
  82  5:37  Overlord x2, Roach  
  82  5:38  Overlord x2, Roach x4  
  82  5:39  Roach x3  
  98  5:51  Overlord x4  
  98  5:55  Overlord  
  98  5:56  Overlord  
  98  5:57  Roach  
  98  5:58  Extractor  
  98  6:01  Drone x3  
  98  6:02  Drone  
  98  6:04  Drone  
  104  6:13  Roach  
  104  6:14  Roach x3  
  104  6:15  Glial Reconstitution  
  112  6:21  Overlord x2  
  112  6:22  Overseer  
  112  6:33  Drone  
  112  6:34  Drone x2  
  112  6:37  Drone  
  112  6:38  Drone x6  
  122  6:52  Overlord  
  122  7:01  Roach  
  122  7:02  Roach x9  
  142  7:12  Evolution Chamber  
  142  7:13  Evolution Chamber, Drone x2  
  142  7:15  Evolution Chamber  
  141  7:16  Roach x2  
  141  7:17  Roach x6  
  141  7:20  Drone x2  
  159  7:22  Hydralisk Den  
  158  7:46  Drone  
  158  7:47  Drone x13  
  158  7:49  Extractor  
  171  7:55  Drone  
  171  7:56  Drone x2  
  174  8:08  Extractor  
  174  8:10  Extractor  
  172  8:14  Roach x2  
  172  8:15  Roach x11  
  167  8:29  Roach x6  
  167  8:30  Roach x3  
Tags
 
Add a new tag
Caveats
  • Supply blocks, unpowered buildings, or Contaminate may cause inaccurate times.
  • Supply counts are checked every 10 seconds.